 Dungeon Crawl Stone Soup version 0.15.2 (webtiles) character file.

432 bwiles81 the Sneak (level 6, 0/30 HPs)
             Began as a Spriggan Enchanter on Nov 13, 2014.
             Was a Follower of Ashenzari.
             Slain by an orc
             ... wielding a +0 trident
              (9 damage)
             ... on Level 5 of the Dungeon.
             The game lasted 00:21:04 (5117 turns).

bwiles81 the Sneak (Spriggan Enchanter)             Turns: 5117, Time: 00:21:04

HP   0/30        AC  3     Str  4      XL: 6   Next: 67%
MP   7/18        EV 18     Int 18      God: Ashenzari [*.....]
Gold 153         SH  8     Dex 17      Spells:  2 memorised,  8 levels left

rFire  . . .     SeeInvis +     a - +2 dagger (curse)
rCold  + . .     Clarity  .     b - +1 robe
rNeg   + . .     rCorr    .     e - +2 buckler {rC+} (curse)
rPois  .         rRot     .     (helmet restricted)
rElec  .         Spirit   .     (no cloak)
SustAb .         Warding  .     (gloves unavailable)
rMut   .         Stasis   .     (boots unavailable)
Gourm  .                        (no amulet)
MR     +....                    (no ring)
                                d - cursed ring of positive energy

@: very quick, somewhat resistant to hostile enchantments, stealthy
A: unfitting armour, see invisible, herbivore 3, speed 3, slow metabolism 2
a: Renounce Religion


You were on level 5 of the Dungeon.
You worshipped Ashenzari.
Ashenzari was aware of your devotion.
You were not hungry.

You visited 1 branch of the dungeon, and saw 5 of its levels.

You collected 213 gold pieces.
You spent 60 gold pieces at shops.

Inventory:

Hand weapons
 a - a cursed +2 dagger (weapon)
Armour
 b - a +1 robe (worn)
 e - a cursed +2 buckler of cold resistance (worn)
 i - a cursed +0 cloak
Magical devices
 j - a wand of confusion (4)
 s - a wand of frost (20)
Comestibles
 g - 2 bread rations
 m - a royal jelly
 r - a slice of pizza
Scrolls
 f - 2 scrolls of amnesia
 k - a scroll of recharging
 l - 3 scrolls of teleportation
 p - 3 scrolls of remove curse
Jewellery
 d - a cursed ring of positive energy (left hand)
 t - an uncursed ring of fire
Potions
 n - a potion of heal wounds
 o - a potion of haste
 q - a potion of curing
Books
 c - a book of Maledictions

   Spells                             Type                      Level
   *Corona                            Hexes                        1
   Sure Blade                         Hexes/Charms                 2
   Ensorcelled Hibernation            Hexes/Ice                    2
   *Confuse                           Hexes                        3
   Dazzling Spray                     Conjuration/Hexes            3
   Enslavement                        Hexes                        4
 u - a book of Frost

   Spells                             Type                      Level
   Freeze                             Ice                          1
   Throw Frost                        Conjuration/Ice              2
   Ozocubu's Armour                   Charms/Ice                   3
   Throw Icicle                       Conjuration/Ice              4
   Summon Ice Beast                   Ice/Summoning                4
   Condensation Shield                Ice                          4


   Skills:
 + Level 1.4 Fighting
 * Level 3.8 Short Blades
 + Level 4.0 Dodging
 * Level 7.2 Stealth
 - Level 1.2 Shields
 + Level 3.7 Spellcasting
 + Level 4.4 Hexes


You had 8 spell levels left.
You knew the following spells:

 Your Spells              Type           Power        Failure   Level  Hunger
a - Corona                Hex            ###....      2%          1    None
b - Confuse               Hex            ###.....     10%         3    ###....


Dungeon Overview and Level Annotations

Branches:
Dungeon (5/15)             Temple (0/1) D:4

Altars:
Ashenzari
Dithmenos
Kikubaaqudgha
Qazlal
Vehumet
Zin

Annotations:
D:4 exclusion: statue


Innate Abilities, Weirdness & Mutations

You are tiny and cannot use many weapons and most armour.
You have supernaturally acute eyesight.
You are a herbivore.
You cover ground extremely quickly.
You need consume almost no food.


Message History

The orc is heavily wounded.
The orc hits you with a glowing dagger. The orc hits you with a dagger.
You barely miss the orc.
The orc is heavily wounded.
You block the orc's attack. The orc hits you with a glowing dagger.
You block the orc's attack.
You hit the orc.
You kill the orc!
The orc hits you from afar with a trident.
The orc hits you with a glowing dagger.
* * * LOW HITPOINT WARNING * * *
Casting: Confuse
Confirm with . or Enter, or press ? or * to list all spells.
Aiming: Confuse
Press: ? - help, Shift-Dir - straight line, f - orc wizard
Aim: an orc wizard, wielding a dagger and wearing a robe The orc wizard resists.
The orc wizard closely misses you. You block the orc's attack.
The orc hits you from afar with a trident!
You die...

.... #.#.#
..... #.#.##
##.....#
#.#.#.##
#......#
#.#)#(##
#..o@).#
.......#.#o##
......o..##
.........#
.........#
........#
.......#
......# ...


You could see an orc wizard and 2 orcs.

Vanquished Creatures
  An ogre (D:4)
  An orc priest (D:3)
  A hound (D:4)
  A worker ant (D:4)
  An orc wizard (D:5)
  A sky beast zombie (D:3)
  An ogre zombie (D:4)
  6 adders
  A giant mite (D:3)
  A worm (D:2)
  2 giant geckos
  19 orcs
  A ball python (D:4)
  5 goblins
  12 hobgoblins
  13 jackals
  15 kobolds
  2 quokkas
  11 bats
  5 giant cockroaches
  7 giant newts
  9 rats
  2 rat skeletons (D:4)
118 creatures vanquished.

Notes
Turn   | Place    | Note
--------------------------------------------------------------
     0 | D:1      | bwiles81, the Spriggan Enchanter, began the quest for the Orb.
     0 | D:1      | Reached XP level 1. HP: 9/9 MP: 4/4
   243 | D:1      | Reached skill level 5 in Stealth
   319 | D:1      | Reached XP level 2. HP: 13/13 MP: 7/7
  1315 | D:1      | Reached XP level 3. HP: 14/17 MP: 9/9
  1320 | D:1      | Learned a level 3 spell: Confuse
  1834 | D:2      | Reached skill level 6 in Stealth
  1841 | D:2      | Found an ancient bone altar of Kikubaaqudgha.
  2083 | D:2      | Found a stormy altar of Qazlal.
  2115 | D:2      | Reached skill level 1 in Shields
  2115 | D:2      | Reached XP level 4. HP: 13/21 MP: 2/12
  2498 | D:2      | Found a shattered altar of Ashenzari.
  2954 | D:2      | Became a worshipper of Ashenzari the Shackled
  3373 | D:3      | Reached XP level 5. HP: 21/25 MP: 9/16
  3942 | D:4      | Found a radiant altar of Vehumet.
  4294 | D:4      | Noticed an ogre
  4315 | D:4      | Killed an ogre
  4315 | D:4      | Reached skill level 1 in Fighting
  4315 | D:4      | Reached skill level 7 in Stealth
  4315 | D:4      | Reached XP level 6. HP: 30/30 MP: 16/18
  4631 | D:4      | Found a shadowy altar of Dithmenos.
  4795 | D:4      | Found Zin's Purification Station.
  4798 | D:4      | Found a glowing silver altar of Zin.
  4801 | D:4      | Bought a potion of curing for 60 gold pieces
  4827 | D:4      | Found a staircase to the Ecumenical Temple.
  5029 | D:5      | Entered Level 5 of the Dungeon
  5117 | D:5      | Slain by an orc

Action                   |  1- 3 |  4- 6 || total
-------------------------+-------+-------++-------
Melee: Dagger            |   205 |   333 ||   538
 Cast: Corona            |    18 |     4 ||    22
       Confuse           |     2 |    41 ||    43
Evoke: Wand              |     1 |     1 ||     2
  Use: Potion            |     1 |     2 ||     3
       Scroll            |       |    10 ||    10
 Stab: Sleeping          |     7 |    11 ||    18
       Confused          |     1 |    18 ||    19
  Eat: Fruit             |       |     1 ||     1
